 Dungeon Crawl Stone Soup version 0.23.0-3-gf3c87f2 (webtiles) character file.

Game seed: 7242488987636691951

2093 Fernandocris the Spear-Bearer (level 9, -1/78 HPs)
             Began as a Merfolk Fighter on Feb 23, 2019.
             Slain by a shadow imp (3 damage)
             ... summoned by a kobold demonologist
             ... on level 7 of the Dungeon.
             The game lasted 00:15:45 (8044 turns).

Fernandocris the Spear-Bearer (Merfolk Fighter)     Turns: 8044, Time: 00:15:45

Health: -1/78      AC:  6    Str: 23      XL:     9   Next: 27%
Magic:  0/0        EV:  8    Int:  7      God:
Gold:   100        SH:  9    Dex: 13 (15) Spells: 8/8 levels left

rFire    . . .     SeeInvis .   y - +9 hunting sling of Pofe {flame, +Blink rN++ MP-9}
rCold    . . .     Gourm    .   c - +0 shield
rNeg     + + .     Faith    .   b - +0 scale mail
rPois    .         Spirit   +   (no helmet)
rElec    .         Reflect  .   r - scarf {Spirit}
rCorr    .         Harm     .   (no gloves)
MR       .....                  (no boots)
Stlth    ..........             (no amulet)
HPRegen  0.23/turn              (no ring)
MPRegen  0.07/turn              (no ring)

@: mighty, about to teleport
A: change form in water, swift swim, stealthy swim, deterioration 1, sense
surroundings 1, robust 1
a: Evoke Blink


You were on level 7 of the Dungeon.
You were not hungry.

You visited 2 branches of the dungeon, and saw 8 of its levels.
You also visited: Sewer.

You collected 385 gold pieces.
You spent 285 gold pieces at shops.

Inventory:

Hand Weapons
 a - a +1 trident
 l - a cursed +3 battleaxe
 y - the +9 hunting sling of Pofe (weapon) {flame, +Blink rN++ MP-9}
   (You found it on level 6 of the Dungeon)

   It causes projectiles fired from it to burn those they strike, causing extra
   injury to most foes and up to half again as much damage against particularly
   susceptible opponents.
   It greatly protects you from negative energy.
   It affects your magic capacity (-9).
   It lets you blink.
 z - a cursed -2 club
Missiles
 d - 197 stones (quivered)
 A - 9 sling bullets
Armour
 b - a +0 scale mail (worn)
 c - a +0 shield (worn)
 r - a scarf of spirit shield (worn)
Jewellery
 e - a +4 ring of dexterity
 u - a +4 ring of evasion {unknown}
 w - an uncursed ring of protection from cold {unknown}
Wands
 j - a wand of enslavement (2)
 o - a wand of scattershot (5)
 s - a wand of iceblast (6)
 t - a wand of disintegration (14)
 x - a wand of polymorph (10)
Scrolls
 h - 4 scrolls of remove curse
 i - 5 scrolls of identify
 m - 2 scrolls of teleportation
 n - a scroll of magic mapping
 q - 2 scrolls of enchant weapon
 v - a scroll of blinking
 B - a scroll of silence {unknown}
Potions
 g - 2 potions of curing
 k - a potion of flight {unknown}
 C - a potion of berserk rage {unknown}
Comestibles
 f - 13 rations


   Skills:
 + Level 6.5 Fighting
 - Level 13.7 Polearms
 * Level 3.0 Slings
 - Level 2.1 Armour
 - Level 1.4 Dodging
 - Level 3.0 Shields


You had 8 spell levels left.
You didn't know any spells.
Your spell library contained the following spells:

 Spells                   Type           Power        Failure   Level  Hunger
 Flame Tongue             Conj/Fire      #....        99%         1    ##.....
 Throw Flame              Conj/Fire      #.....       100%        2    ###....
 Conjure Flame            Conj/Fire      #.......     100%        3    ####...
 Inner Flame              Hex/Fire       #.......     100%        3    ####...
 Sticky Flame             Conj/Fire      #.......     100%        4    #####..
 Fireball                 Conj/Fire      #.........   100%        5    ######.


Dungeon Overview and Level Annotations

Branches:
Dungeon (7/15)             Temple (1/1) D:6

Altars:
Ashenzari
Cheibriados
Dithmenos
Elyvilon
Fedhas
Gozag
Hepliaklqana
Kikubaaqudgha
Makhleb
Nemelex Xobeh
Okawaru
Qazlal
Trog
Uskayaw
Vehumet
Xom
Yredelemnul
Zin
The Shining One

Shops:
D:5 **!!


Innate Abilities, Weirdness & Mutations

You revert to your normal form in water You are very nimble and swift while swimming.
You are very stealthy in the water. (Stealth+)
Your body sometimes deteriorates upon taking damage.
You passively map a small area around you.
You are robust. (+10% HP)


Message History

Okay, then.
Okay, then.
You don't have enough magic capacity.
Unknown command.
Okay, then.
The shadow imp shouts!
Something shouts, "Give up, thou beslubbering moldwarp dandiprat!"
There is an open door here.
You see here a worker ant corpse.
As you read the scroll of teleportation, it crumbles to dust.
You feel strangely unstable.
The kobold demonologist begins to cast a cantrip, but forgets the words!
You block the white ugly thing's attack.
The kobold demonologist looks satisfied for a moment.
The white ugly thing gores you. The white ugly thing freezes you!!
* * * LOW HITPOINT WARNING * * *
There is a fountain of sparkling water here.
Okay, then.
The shadow imp hits you.
You die...

#.........######## , ,
#...........#.....#,** ,
#...._._..⌠.#..K### * , +
+.....⌠...S5(##S### *
#...._._..⌠K###...# , * ,
#.........(.#..o..#, ..#
#.........####u###,,#..###..
#..⌠.⌠..###..⌠..# ........
##...(.#####.@.### ....... ,
###(### #.##5##.###..#.#* ,
..( #.##.#.#.##.#...# *, ,*
#.}[ #).##.⌠.##..#...#* **
+.). +⌠...⌠⌠†...⌠'...# ,#.=[
,#..##.⌠.##..#...# ,, *# ,
#..., #.##.#.#.##.#...# #
###+* # #.##.##.###...#*, #
, ###...####...### ##


You could see a white ugly thing, a kobold demonologist, an orc warrior, an
adder and a shadow imp.

Vanquished Creatures
  An ice beast (D:6)
  An eye of draining (D:7)
  A necrophage (D:7)
  A sky beast (D:6)
  An ogre (D:4)
  A phantom (D:5)
  A centaur (D:3)
  A crocodile (Sewer)
  2 big kobolds (D:7)
  2 bullfrogs
  5 wights (D:6)
  A crimson imp (D:4)
  A centaur zombie (D:7)
  4 hounds
  An orc wizard (D:3)
  3 orc priests
  2 bullfrog skeletons
  A gnoll shaman (D:2)
  2 jellies
  3 worker ants
  3 iguanas
  Terence (D:2)
  2 hound skeletons (D:4)
  7 gnolls
  9 adders
  2 oozes (D:1)
  An adder zombie (D:6)
  2 adder skeletons
  A worm (D:3)
  3 dart slugs
  2 leopard geckos (D:6)
  11 orcs
  8 giant cockroaches
  3 goblins
  11 hobgoblins
  13 jackals
  3 quokkas
  A ball python (D:3)
  9 bats
  9 frilled lizards
  A jackal skeleton (D:4)
  15 kobolds
  A quokka skeleton (D:6)
  20 rats
173 creatures vanquished.

Notes
Turn   | Place    | Note
-------+----------+-------------------------------------------
     0 | D:1      | Fernandocris the Merfolk Fighter began the quest for the
                  | Orb.
     0 | D:1      | Reached XP level 1. HP: 18/18 MP: 1/1
    86 | D:1      | Reached XP level 2. HP: 21/25 MP: 2/2
   338 | D:1      | Reached XP level 3. HP: 30/30 MP: 3/3
   436 | D:1      | Reached skill level 4 in Polearms
   963 | D:2      | Noticed Terence
   974 | D:2      | Killed Terence
   974 | D:2      | Reached skill level 5 in Polearms
   974 | D:2      | Reached XP level 4. HP: 22/37 MP: 4/4
  1233 | D:2      | Reached skill level 6 in Polearms
  1233 | D:2      | Reached XP level 5. HP: 16/43 MP: 3/5
  1241 | D:2      | Gained mutation: You expend magic power (3 MP) to
                  | strengthen your wands. [potion of mutation]
  1241 | D:2      | Gained mutation: You are agile. (Dex +2) [potion of
                  | mutation]
  1910 | D:3      | Reached skill level 1 in Dodging
  2004 | D:3      | Noticed a centaur
  2016 | D:3      | Killed a centaur
  2016 | D:3      | Reached skill level 7 in Polearms
  2016 | D:3      | Reached XP level 6. HP: 19/49 MP: 2/6
  2393 | D:3      | Reached skill level 8 in Polearms
  3384 | D:4      | Reached skill level 9 in Polearms
  3384 | D:4      | Reached XP level 7. HP: 46/55 MP: 4/7
  3476 | D:4      | Reached skill level 5 in Fighting
  3528 | D:4      | Reached skill level 10 in Polearms
  3588 | D:4      | Found a glowing drain.
  3616 | Sewer    | Entered a sewer
  4765 | D:5      | Entered Level 5 of the Dungeon
  4768 | D:5      | Reached skill level 11 in Polearms
  4787 | D:5      | Found Giuxem's General Store.
  4815 | D:5      | Reached XP level 8. HP: 39/63 MP: 5/8
  4980 | D:5      | Found Oshruq's Assorted Antiques.
  5007 | D:5      | Bought a potion of mutation for 240 gold pieces
  5007 | D:5      | Lost mutation: You are agile. (Dex +2) [potion of mutation]
  5007 | D:5      | Lost mutation: You expend magic power (3 MP) to strengthen
                  | your wands. [potion of mutation]
  5007 | D:5      | Gained mutation: You are robust. (+10% HP) [potion of
                  | mutation]
  5007 | D:5      | Gained mutation: Your body sometimes deteriorates upon
                  | taking damage. [potion of mutation]
  5007 | D:5      | Gained mutation: You passively map a small area around you.
                  | [potion of mutation]
  5060 | D:5      | Found Sylu's Distillery.
  5117 | D:5      | Found Gucaf's Distillery.
  5121 | D:5      | Bought a potion of curing for 45 gold pieces
  5306 | D:6      | Reached skill level 12 in Polearms
  5319 | D:6      | HP: 3/70 [wight/+0 halberd (8)]
  6005 | D:6      | Reached skill level 13 in Polearms
  6622 | D:6      | Found a staircase to the Ecumenical Temple.
  6634 | Temple   | Entered the Ecumenical Temple
  6832 | D:6      | Got a transparent hunting sling
  6837 | D:6      | Identified the +9 hunting sling of Pofe {flame, +Blink rN++
                  | MP-9} (You found it on level 6 of the Dungeon)
  6896 | D:6      | Found a blossoming altar of Fedhas.
  7790 | D:7      | Found a shadowy altar of Dithmenos.
  7885 | D:7      | Reached XP level 9. HP: 75/75 MP: 0/9
  7968 | D:7      | Reached skill level 1 in Slings
  7992 | D:7      | Found a blossoming altar of Fedhas.
  8005 | D:7      | Found a snail-covered altar of Cheibriados.
  8005 | D:7      | Found a bloodstained altar of Trog.
  8005 | D:7      | Found a hazy altar of Hepliaklqana.
  8017 | D:7      | Identified the cursed +3 scimitar of Strategic Superiority
                  | {protect, rPois Dex+2 SInv}
  8019 | D:7      | Noticed a kobold demonologist
  8025 | D:7      | Noticed a white ugly thing
  8043 | D:7      | HP: 2/78 [white ugly thing (33)]
  8044 | D:7      | Slain by a shadow imp

Skill      XL: |  1  2  3  4  5  6  7  8  9 |
---------------+----------------------------+-----
Fighting       | 4 5 6 |  6.5
Polearms       | 5 6 7 9 11 13 | 13.7
Dodging        | 1 |  1.4
Slings         | 3 |  3.0
Armour         | |  2.1
Shields        | |  3.0

Action                   |  1- 3 |  4- 6 |  7- 9 || total
-------------------------+-------+-------+-------++-------
Melee: Trident           |   150 |   192 |   296 ||   638
 Fire: Hunting sling     |       |       |    48 ||    48
Evoke: Wand              |       |       |     2 ||     2
  Use: Potion            |       |     7 |     9 ||    16
       Scroll            |       |     8 |     5 ||    13
  Eat: Chunk             |       |     4 |     6 ||    10
       Ration            |       |     2 |     2 ||     4
Armor: Scale mail        |    57 |    49 |    92 ||   198
       Skin              |       |    14 |       ||    14
Dodge: Dodged            |    35 |    49 |    73 ||   157
Block: Shield            |    57 |    59 |   128 ||   244
